 Dungeon Sprint DCSS version 0.31-a0-1071-gaead2f62b1 (webtiles) character file.

Game seed: 15549359151257189900

2545 rocky1 the Impaler (level 9, -4/118 HPs)
             Began as an Ogre Gladiator on Nov 26, 2023.
             Was an Initiate of Gozag.
             Slain by a tyrant leech (33 damage)
             ... in the Dungeon (Sprint VII: "The Pits").
             The game lasted 00:04:10 (1674 turns).

rocky1 the Impaler (Ogre Gladiator)                 Turns: 1674, Time: 00:04:11

Health: -4/118     AC:  3    Str: 29    XL:     9   Next: 55%
Magic:  9/9        EV: 13    Int:  9    God:    Gozag
Gold:   730        SH:  0    Dex: 10    Spells: 8/8 levels left

rFire   . . .        v - +2 bardiche of Nifat {freeze, Will+ Str+2}
rCold   . . .        (shield currently unavailable)
rNeg    . . .        b - +0 robe
rPois   .            c - +0 hat
rElec   .            (no cloak)
rCorr   .            (gloves unavailable)
SInv    .            (boots unavailable)
Will    +....        (no amulet)
Stlth   +            x - +3 ring of strength
HPRegen 0.39/turn    w - +3 ring of evasion
MPRegen 0.11/turn

%: no teleportation
@: no status effects
A: large, unfitting armour, tough skin 1
a: Renounce Religion, Potion Petition, Call Merchant, Bribe Branch


You were in the Dungeon.
You worshipped Gozag.
Gozag was pleased with you.
You visited 1 branch You collected 2196 gold pieces.
You spent 787 gold pieces at shops.
You paid 679 gold pieces to Gozag.

Inventory:

Hand Weapons
 a - a +0 trident
 p - a +2 trident
 q - a +1 heavy trident
 r - a +2 heavy flail
 s - a +2 dire flail of freezing
 t - the +5 morningstar "Zokuxzot" {flame, rPois rN++ Int-4}
   (You bought it in a shop in the Dungeon)

   Int-4:     It affects your intelligence (-4).
   rPois:     It protects you from poison rN++: It greatly protects you from
   negative energy.
 u - the +5 flail "Xeplaf" {pain, Will+ Str+3 Stlth-}
   (You bought it in a shop in the Dungeon)

   Str+3:     It affects your strength (+3).
   Will+:     It increases your willpower.
   Stlth-:    It makes you less stealthy.
 v - the +2 bardiche of Nifat (weapon) {freeze, Will+ Str+2}
   (You bought it in a shop in the Dungeon)

   Str+2:     It affects your strength (+2).
   Will+:     It increases your willpower.
 y - a +2 morningstar of holy wrath
 C - a +2 halberd of venom
Missiles
 d - 3 throwing nets (quivered)
 e - 5 large rocks
Armour
 b - a +0 robe (worn)
 c - a +0 hat (worn)
Jewellery
 w - a +3 ring of evasion (right hand)
 x - a +3 ring of strength (left hand)
Scrolls
 k - a scroll of blinking
 m - 2 scrolls of vulnerability
 n - 5 scrolls of amnesia
 o - a scroll of summoning
Potions
 f - 9 potions of curing
 g - 7 potions of heal wounds
 h - a potion of haste
 i - 4 potions of magic
 j - 2 potions of berserk rage
 l - 2 potions of invisibility
 z - a potion of brilliance
 A - a potion of mutation
 B - 2 potions of might


   Skills:
 + Level 16.2 Fighting
 * Level 17.4 Polearms
 - Level 2.0 Throwing
 - Level 2.6 Dodging


You had 8 spell levels left.
You didn't know any spells.
Your spell library was empty.

Dungeon Overview and Level Annotations

Branches:
Dungeon (1/1)

Altars:
Ashenzari
Cheibriados
Dithmenos
Elyvilon
Fedhas
Gozag
Hepliaklqana
Kikubaaqudgha
Makhleb
Nemelex Xobeh
Okawaru
Qazlal
Ru
Sif Muna
Trog
Uskayaw
Vehumet
Wu Jian
Xom
Yredelemnul
Zin
The Shining One
Jiyva
Lugonu

Shops:
D (


Innate Abilities, Weirdness & Mutations

You are too large for most types of armour.
You have tough skin. (AC +1)


Message History

The tyrant leech barely misses you.
You hit the tyrant leech. You freeze the tyrant leech.
The tyrant leech is lightly wounded.
The tyrant leech bites you!
The tyrant leech draws strength from your injuries!
You barely miss the tyrant leech. You hit the tyrant leech.
You freeze the tyrant leech.
The tyrant leech is lightly wounded.
The tyrant leech completely misses you.
You miss the tyrant leech.
The tyrant leech is lightly wounded.
The tyrant leech bites you.
The tyrant leech draws strength from your injuries!
You slice the tyrant leech!! You freeze the tyrant leech.
The tyrant leech is heavily wounded.
The tyrant leech bites you.
The tyrant leech draws strength from your injuries!
You barely miss the tyrant leech.
The tyrant leech is heavily wounded.
The tyrant leech misses you.
You hit the tyrant leech but do no damage.
The tyrant leech is heavily wounded.
The tyrant leech bites you!!
* * * LOW HITPOINT WARNING * * *
The tyrant leech draws strength from your injuries!
You slice the tyrant leech!! You freeze the tyrant leech.
The tyrant leech is severely wounded.
You closely miss the tyrant leech.
The tyrant leech is severely wounded.
The tyrant leech bites you.
* * * LOW HITPOINT WARNING * * *
The tyrant leech draws strength from your injuries!
You miss the tyrant leech.
The tyrant leech is severely wounded.
The tyrant leech barely misses you.
You miss the tyrant leech.
The tyrant leech is severely wounded.
The tyrant leech bites you!!
You die...
Your body crumbles into a pile of gold.

....)'................+
'#####......#..#......#
.#[[##................#
.#).#####'#####''######
.#))##.......##')### ##
##).##.......##....# ..+
.#..##.......##...##...#
.#'###...<...##..##..k#
....##.......##.@#...#
....##.......##..w..#
######.......##.##..#
.#..############ ..+
.#.########### .#
.#.#....#..[[# .#
.#'#....#..[[# .
.#.'....'..))# ..
.#'#....#....#


You could see a tyrant leech.

Vanquished Creatures
  A lindwurm (D)
  A cyclops (D)
  4 blink frogs (D)
  A redback (D)
  2 black bears (D)
  An ice beast (D)
  A centaur (D)
  2 phantoms (D)
  A bullfrog (D)
  A gnoll sergeant (D)
  4 wights (D)
  3 gnolls (D)
  2 river rats (D)
  A white imp (D)
  2 giant cockroaches (D)
  2 goblins (D)
  A hobgoblin (D)
  3 jackals (D)
  2 quokkas (D)
  A bat (D)
  2 kobolds (D)
38 creatures vanquished.

Notes
Turn   | Place    | Note
-------+----------+-------------------------------------------
     0 | D        | rocky1 the Ogre Gladiator began the quest for the Orb.
     0 | D        | Reached XP level 1. HP: 22/22 MP: 1/1
    44 | D        | Found a bloodstained altar of Trog.
    44 | D        | Found a shimmering blue altar of Sif Muna.
    44 | D        | Found a viscous altar of Jiyva.
    44 | D        | Found a hazy altar of Hepliaklqana.
    44 | D        | Found an opulent altar of Gozag.
    45 | D        | Found a glowing golden altar of the Shining One.
    45 | D        | Found a glowing silver altar of Zin.
    45 | D        | Found a basalt altar of Yredelemnul.
    45 | D        | Found a shimmering altar of Xom.
    45 | D        | Found an ornate altar of the Wu Jian Council.
    45 | D        | Found a sacrificial altar of Ru.
    45 | D        | Found a stormy altar of Qazlal.
    45 | D        | Found an iron altar of Okawaru.
    45 | D        | Found a sparkling altar of Nemelex Xobeh.
    45 | D        | Found a burning altar of Makhleb.
    45 | D        | Found a blossoming altar of Fedhas.
    45 | D        | Found a white marble altar of Elyvilon.
    45 | D        | Found a shadowy altar of Dithmenos.
    45 | D        | Found a snail-covered altar of Cheibriados.
    48 | D        | Found a corrupted altar of Lugonu.
    48 | D        | Found a radiant altar of Vehumet.
    49 | D        | Found an ancient bone altar of Kikubaaqudgha.
    49 | D        | Found a hide-covered altar of Uskayaw.
    49 | D        | Found a broken altar of Ashenzari.
    52 | D        | Became a worshipper of Gozag Ym Sagoz the Greedy
    64 | D        | Reached skill level 4 in Polearms
    81 | D        | Reached skill level 5 in Polearms
    81 | D        | Reached XP level 2. HP: 13/33 MP: 2/2
   161 | D        | Noticed a black bear
   175 | D        | Reached skill level 5 in Fighting
   175 | D        | Reached XP level 3. HP: 42/42 MP: 3/3
   177 | D        | Killed a black bear
   178 | D        | Reached skill level 8 in Polearms
   178 | D        | Reached XP level 4. HP: 57/57 MP: 4/4
   178 | D        | Reached XP level 5. HP: 63/63 MP: 5/5
   285 | D        | Reached skill level 9 in Polearms
   298 | D        | Reached skill level 10 in Polearms
   298 | D        | Reached XP level 6. HP: 21/76 MP: 6/6
   303 | D        | Noticed an ice beast
   306 | D        | Reached skill level 10 in Fighting
   314 | D        | Reached skill level 11 in Polearms
   316 | D        | Killed an ice beast
   317 | D        | Reached skill level 12 in Polearms
   317 | D        | Reached XP level 7. HP: 45/88 MP: 7/7
   563 | D        | Noticed a redback
   566 | D        | Killed a redback
   567 | D        | Reached skill level 13 in Polearms
  1012 | D        | Bought a twisted morningstar for 225 gold pieces
  1012 | D        | Identified the +5 morningstar "Zokuxzot" {flame, rPois rN++
                  | Int-4} (You bought it in a shop in the Dungeon)
  1012 | D        | Bought a faintly glowing flail for 212 gold pieces
  1012 | D        | Identified the +5 flail "Xeplaf" {pain, Will+ Str+3 Stlth-}
                  | (You bought it in a shop in the Dungeon)
  1012 | D        | Bought a warped bardiche for 350 gold pieces
  1012 | D        | Identified the +2 bardiche of Nifat {freeze, Will+ Str+2}
                  | (You bought it in a shop in the Dungeon)
  1021 | D        | Noticed a cyclops
  1021 | D        | Noticed a blink frog
  1021 | D        | Noticed a blink frog
  1021 | D        | Noticed a blink frog
  1021 | D        | Noticed a blink frog
  1027 | D        | Killed a blink frog
  1028 | D        | Reached skill level 14 in Polearms
  1028 | D        | Reached XP level 8. HP: 83/102 MP: 8/8
  1034 | D        | Killed a cyclops
  1035 | D        | Reached skill level 15 in Polearms
  1037 | D        | Killed a blink frog
  1043 | D        | Killed a blink frog
  1044 | D        | Reached skill level 15 in Fighting
  1044 | D        | Reached skill level 16 in Polearms
  1044 | D        | Reached XP level 9. HP: 64/115 MP: 9/9
  1651 | D        | Noticed a lindwurm
  1657 | D        | Killed a lindwurm
  1658 | D        | Reached skill level 17 in Polearms
  1659 | D        | Noticed a tyrant leech
  1674 | D        | Slain by a tyrant leech

Illustrated notes

Levels and vault maps discovered:
D:        pitsprint [storerooms_1, entrance_room_1, metal_vault_7, armoury_2,
          mini_pit_1, grid_room_1, main_hall_1, silver_pit, the_coven_1,
          the_vestibule_1, steel_vault_1, golden_pit, hallway_of_sentries,
          crystal_vault_2, iron_vault_5, final_vault]

Skill      XL: |  1  2  3  4  5  6  7  8  9 |
---------------+----------------------------+-----
Fighting       | 4 5 7 9 11 13 15 16 | 16.2
Polearms       | 5 8 10 12 14 16 17 | 17.4
Throwing       | |  2.0
Dodging        | |  2.6

Action                     |  1- 3 |  4- 6 |  7- 9 || total
---------------------------+-------+-------+-------++-------
  Melee: Trident           |    27 |    37 |    33 ||    97
         Bardiche          |       |       |    57 ||    57
 Invoke: Call Merchant     |       |       |     1 ||     1
    Use: Potion            |     1 |     2 |     1 ||     4
   Stab: Sleeping          |     1 |       |       ||     1
         Distracted        |       |       |     1 ||     1
 Armour: Robe              |    12 |    13 |    45 ||    70
  Dodge: Dodged            |     8 |    12 |    39 ||    59

Table legend: (Time is in decaauts)
 A = Elapsed time spent in this place.
 B = Non-inter-level travel time spent in this place.
 C = Inter-level travel time spent in this place.
 D = Time resting spent in this place.
 E = Time spent auto-exploring this place.
 F = Levels seen in this place.
 G = Mean time per level.
                   A        B        C        D        E       F      G
               +--------+--------+--------+--------+--------+-----+--------+
         Total |   1671 |   1606 |     65 |   1181 |      0 |   1 | 1671.0 |
       Dungeon |   1671 |   1606 |     65 |   1181 |      0 |   1 | 1671.0 |
               +--------+--------+--------+--------+--------+-----+--------+

Top non-repeatable levels by time:
       D: 1671 daAuts
